 Dungeon Crawl Stone Soup version 0.21-a0-142-gdd972a7 (webtiles) character file.

23604 Manul the Basher (level 12, -2/97 HPs)
             Began as a Mummy Gladiator on July 24, 2017.
             Was an Initiate of Gozag.
             Slain by a two-headed ogre
             ... wielding a +0 giant spiked club
              (3 damage)
             ... on level 1 of the Orcish Mines.
             The game lasted 00:21:56 (17519 turns).

Manul the Basher (Mummy Gladiator)                 Turns: 17519, Time: 00:21:57

Health: -2/97      AC: 16    Str: 18    XL:     12   Next: 73%
Magic:  12/12      EV: 14    Int: 10    God:    Gozag
Gold:   2401       SH:  0    Dex: 24    Spells: 11/11 levels left

rFire    x . .     SeeInvis .   z - +10 halberd of Unreason {freeze, *Noise rN+ Dex+6}
rCold    + . .     Gourm    .   (shield currently unavailable)
rNeg     + + +     Faith    .   M - +1 scale mail "Liyg" {Slay+3} (curse)
rPois    ∞         Spirit   .   c - +0 helmet
rElec    .         Reflect  .   v - +0 cloak
rCorr    .         Harm     .   w - +0 pair of gloves
MR       ++...                  (no boots)
Stlth    +.........             (no amulet)
HPRegen  0.26/turn              o - ring of protection from magic
MPRegen  0.13/turn              N - ring "Ruexzi" {rPois AC+3 Int+3}

@: no status effects
A: no food or potions, fire vulnerability, cold resistance 1, negative energy
resistance 3, torment resistance, unbreathing
a: Potion Petition, Call Merchant, Bribe Branch, Renounce Religion


You were on level 1 of the Orcish Mines.
You worshipped Gozag.
Gozag was most pleased with you.
You were not hungry.

You visited 3 branches of the dungeon, and saw 15 of its levels.
You also visited: Bailey.

You collected 4258 gold pieces.
You spent 500 gold pieces at shops.
You paid 1357 gold pieces to Gozag.

Inventory:

Hand Weapons
 s - a +2 flail of protection
 y - a +2 whip of flaming
 z - the +10 halberd of Unreason (weapon) {freeze, *Noise rN+ Dex+6}
   (You found it on level 8 of the Dungeon)

   It has been specially enchanted to freeze those struck by it, causing extra
   injury to most foes and up to half again as much damage against particularly
   susceptible opponents.
   It can also slow down cold-blooded creatures.
   It affects your dexterity (+6).
   It protects you from negative energy.
   It may make noises in combat.
Missiles
 i - a throwing net (quivered)
Armour
 c - a +0 helmet (worn)
 j - a +3 chain mail
 t - a +0 scale mail of poison resistance
 v - a +0 cloak (worn)
 w - a +0 pair of gloves (worn)
 M - the cursed +1 scale mail "Liyg" (worn) {Slay+3}
   (You found it on level 10 of the Dungeon)

   It affects your accuracy and damage with ranged weapons and melee attacks
   (+3).
   It has a curse placed upon it.
Jewellery
 a - an uncursed ring of protection from magic
 d - an uncursed ring of ice
 e - an uncursed ring of wizardry
 o - a ring of protection from magic (left hand)
 A - an uncursed ring of wizardry
 K - an uncursed ring of magical power
 N - the ring "Ruexzi" (right hand) {rPois AC+3 Int+3}
   (You bought it in a shop on level 10 of the Dungeon)

   [ring of protection]

   It affects your AC (+3).
   It affects your intelligence (+3).
   It protects you from poison.
Wands
 b - a wand of random effects (18/48)
 k - a wand of lightning (0/15)
 u - a wand of digging (1/24)
 x - a wand of polymorph (13/24)
 B - a wand of enslavement (8/24)
 E - a wand of acid (6/15)
 H - a wand of random effects (23/48)
 L - a wand of disintegration (14/24)
Scrolls
 f - 2 scrolls of magic mapping
 g - 4 scrolls of recharging
 h - 7 scrolls of identify
 l - 4 scrolls of enchant weapon {unknown}
 m - 2 scrolls of remove curse
 n - 3 scrolls of fog
 p - 2 scrolls of acquirement {unknown}
 q - a scroll of enchant armour
 r - 2 scrolls of amnesia
 I - a scroll of torment
Books
 C - a book of Frost

   Spells                             Type                      Level
   a - Freeze                         Ice                          1
   b - Throw Frost                    Conjuration/Ice              2
   c - Ozocubu's Armour               Charms/Ice                   3
   d - Throw Icicle                   Conjuration/Ice              4
   e - Summon Ice Beast               Ice/Summoning                4
 J - a book of Maledictions

   Spells                             Type                      Level
   a - Corona                         Hexes                        1
   b - Ensorcelled Hibernation        Hexes/Ice                    2
   c - Confuse                        Hexes                        3
   d - Tukima's Dance                 Hexes                        3
   e - Dazzling Spray                 Conjuration/Hexes            3
Miscellaneous
 D - a sack of spiders
 G - a lightning rod (4/4)


   Skills:
 + Level 9.8 Fighting
 - Level 10.0 Maces & Flails
 - Level 8.6 Polearms
 + Level 1.8 Throwing
 + Level 9.0 Armour
 + Level 5.1 Dodging
 - Level 1.0 Stealth
 + Level 1.0 Evocations


You had 11 spell levels left.
You didn't know any spells.

Dungeon Overview and Level Annotations

Branches:
Dungeon (12/15)            Temple (1/1) D:5            Lair (0/6) D:11
    Orc (2/2) D:9             Elf (0/3) Orc:2

Altars:
Ashenzari
Dithmenos
Elyvilon
Fedhas
Gozag
Hepliaklqana
Kikubaaqudgha
Okawaru
Trog
Uskayaw
Vehumet
Wu Jian
Xom
Zin
The Shining One

Shops:
D:5 :   D:10 =!

Annotations:
D:4 Gravitas's ghost, novice GrFE


Innate Abilities, Weirdness & Mutations

You do not eat or drink.
Your flesh is vulnerable to fire.
You are immune to poison.
Your flesh is cold resistant. (rC+)
You are immune to negative energy. (rN+++)
You are immune to unholy pain and torment.
You can survive without breathing.


Message History

You slash the two-headed ogre! You freeze the two-headed ogre.
The two-headed ogre is moderately wounded.
The two-headed ogre hits you with a giant spiked club!!
The two-headed ogre misses you.
You hit the two-headed ogre but do no damage.
The two-headed ogre is moderately wounded.
You barely miss the two-headed ogre.
The two-headed ogre is moderately wounded.
The two-headed ogre barely misses you. x2
You puncture the two-headed ogre! You freeze the two-headed ogre.
The two-headed ogre is heavily wounded.
The two-headed ogre hits you with a giant spiked club!!
* * * LOW HITPOINT WARNING * * *
The two-headed ogre hits you with a giant club!!
* * * LOW HITPOINT WARNING * * *
You puncture the two-headed ogre! You freeze the two-headed ogre.
The two-headed ogre is severely wounded.
The two-headed ogre hits you with a giant spiked club.
You die...
Your body crumbles into a pile of gold.

###.#### ##.###
##...#.#####....#
#.#.#...##......####
.......####.......>##
....#........#...$.)#
...##........#.....####
...###.......###......## ..##
#....#####........# .##
#.#....###O@....### ##
###............## ### .#
#.............# ##.## ##
##..........### #...## #
##.........# #....##
##.......## ####.....##
##.........# #..#......##
##..........###..........##
#####..................#......#


You could see a two-headed ogre.

Vanquished Creatures
  Erolcha (D:10)
  A hydra (D:8)
  3 two-headed ogres
  3 orc knights
  A deep elf mage (D:11)
  Pikel (D:8)
  A cyclops (Orc:2)
  2 orc sorcerers
  Maurice (D:8)
  Psyche (D:12)
  A gargoyle (D:11)
  3 trolls
  Grinder (D:6)
  A dream sheep (D:8)
  2 hippogriffs
  A vampire (D:10)
  A wraith (D:12)
  2 wyverns
  Sigmund (D:6)
  20 yaks
  Grum (D:8)
  2 hungry ghosts
  3 wargs
  Menkaure (D:4)
  2 steam dragons
  Edmund (D:6)
  Duvessa (D:7)
  A water moccasin (D:8)
  2 phantoms
  5 sky beasts
  18 orc warriors
  9 ogres
  An ice beast (D:7)
  2 necrophages (D:12)
  An eye of draining (D:11)
  A centaur (D:10)
  7 wolves
  A crocodile (D:11)
  9 big kobolds
  Blork the orc (D:6)
  10 bullfrogs
  2 gnoll sergeants (D:9)
  Dowan (D:7)
  A wyvern skeleton (D:11)
  6 scorpions
  16 killer bees
  9 wights
  2 electric eels (D:11)
  5 howler monkeys
  2 bullfrog zombies
  5 crimson imps
  2 centaur skeletons
  3 jellies
  13 orc priests
  2 bullfrog skeletons
  8 hounds
  2 iguanas
  21 orc wizards
  9 worker ants
  A hound zombie (D:7)
  A hound skeleton (D:10)
  5 gnolls
  15 adders
  2 shadow imps
  2 worms (D:2)
  3 dart slugs
  7 leopard geckos
  84 orcs
  2 ball pythons
  9 bats
  8 giant cockroaches
  3 goblins
  12 hobgoblins
  7 jackals
  2 quokkas
  7 frilled lizards
  2 jackal skeletons
  25 kobolds
  A leopard gecko zombie (D:6)
  4 rats
438 creatures vanquished.

Vanquished Creatures (others)
  A dream sheep (D:8)
  4 slaves (D:8)
  A centaur (D:8)
  A big kobold (D:8)
  A hound (D:8)
  An orc wizard (Orc:2)
  An orc (Orc:2)
10 creatures vanquished.

Grand Total: 448 creatures vanquished

Notes
Turn   | Place    | Note
-------+----------+-------------------------------------------
     0 | D:1      | Manul the Mummy Gladiator began the quest for the Orb.
     0 | D:1      | Reached XP level 1. HP: 16/16 MP: 1/1
   287 | D:1      | Reached XP level 2. HP: 17/22 MP: 2/2
   901 | D:1      | Reached XP level 3. HP: 24/28 MP: 3/3
  1159 | D:2      | Reached skill level 3 in Maces & Flails
  1992 | D:3      | Reached skill level 1 in Armour
  2134 | D:3      | Reached XP level 4. HP: 24/34 MP: 4/4
  2147 | D:3      | Found a shadowy altar of Dithmenos.
  2846 | D:3      | Reached XP level 5. HP: 39/39 MP: 5/5
  2857 | D:3      | Found a glowing silver altar of Zin.
  3323 | D:4      | Noticed Menkaure
  3331 | D:4      | Killed Menkaure
  3331 | D:4      | Reached skill level 4 in Maces & Flails
  3332 | D:4      | Reached XP level 6. HP: 45/47 MP: 6/6
  3398 | D:4      | Found a shattered altar of Ashenzari.
  3567 | D:4      | Noticed Gravitas's ghost (novice GrFE)
  3577 | D:4      | HP: 1/47 [Gravitas's ghost/flame tongue (27)]
  4113 | D:4      | Reached XP level 7. HP: 52/52 MP: 7/7
  4126 | D:4      | Reached skill level 5 in Maces & Flails
  4448 | D:5      | Entered Level 5 of the Dungeon
  4448 | D:5      | Noticed a yak
  4448 | D:5      | Noticed a yak
  4448 | D:5      | Noticed a yak
  4471 | D:6      | Noticed Blork the orc
  4483 | D:6      | Killed Blork the orc
  4865 | D:6      | Found a bloodstained altar of Trog.
  5001 | D:6      | Found an ancient bone altar of Kikubaaqudgha.
  5030 | D:6      | Reached skill level 6 in Maces & Flails
  5030 | D:6      | Reached XP level 8. HP: 60/60 MP: 8/8
  5075 | D:6      | Noticed Grinder
  5092 | D:6      | Killed Grinder
  5132 | D:5      | Found a staircase to the Ecumenical Temple.
  5141 | Temple   | Entered the Ecumenical Temple
  5158 | Temple   | Became a worshipper of Gozag Ym Sagoz the Greedy
  5195 | Temple   | Reached skill level 7 in Maces & Flails
  5768 | D:5      | Reached skill level 5 in Fighting
  5780 | D:5      | Found Zaseoqeq's Book Shoppe.
  5846 | D:5      | Found a blossoming altar of Fedhas.
  6213 | D:6      | Noticed Edmund
  6242 | D:6      | Killed Edmund
  6242 | D:6      | Reached XP level 9. HP: 43/68 MP: 9/9
  6582 | D:6      | Reached skill level 8 in Maces & Flails
  6615 | D:6      | Noticed Sigmund
  6620 | D:6      | Killed Sigmund
  6702 | D:7      | Noticed Dowan
  6704 | D:7      | Noticed Duvessa
  6716 | D:7      | Killed Duvessa
  6750 | D:7      | Killed Dowan
  7449 | D:7      | Reached skill level 5 in Armour
  7818 | D:8      | Noticed a two-headed ogre
  7832 | D:8      | Killed a two-headed ogre
  7832 | D:8      | Reached skill level 9 in Maces & Flails
  8115 | D:8      | Noticed Pikel
  8135 | D:8      | Killed Pikel
  8135 | D:8      | Reached XP level 10. HP: 75/77 MP: 10/10
  8662 | D:8      | Noticed a two-headed hydra
  8667 | D:8      | Killed a two-headed hydra
  8679 | D:8      | Got a bone halberd
  8680 | D:8      | Identified the +10 halberd of Unreason {freeze, *Noise rN+ Dex+6} (You found it on level 8 of the Dungeon)
  8853 | D:8      | Reached skill level 1 in Stealth
  8859 | D:8      | Noticed Grum
  9011 | D:7      | Reached skill level 1 in Polearms
  9162 | D:8      | Killed Grum
  9162 | D:8      | Reached skill level 10 in Maces & Flails
  9209 | D:8      | Noticed Maurice
  9231 | D:8      | Killed Maurice
 10225 | D:9      | Reached XP level 11. HP: 84/84 MP: 11/11
 10489 | D:8      | Reached skill level 5 in Polearms
 10777 | D:9      | Found a staircase to the Orcish Mines.
 10969 | D:10     | Entered Level 10 of the Dungeon
 10981 | D:10     | Found a flagged portal.
 10995 | D:10     | Noticed Erolcha
 11143 | D:10     | Killed Erolcha
 11150 | D:10     | Found Ynweh's Distillery.
 11194 | Bailey   | Entered a bailey
 11237 | Bailey   | Noticed an orc knight
 11268 | Bailey   | Killed an orc knight
 12102 | D:10     | Noticed a two-headed ogre
 12109 | D:10     | Killed a two-headed ogre
 12310 | D:10     | Got a jewelled scale mail
 12321 | D:10     | Identified the cursed +1 scale mail "Liyg" {Slay+3} (You found it on level 10 of the Dungeon)
 12683 | D:10     | Bought the ring "Ruexzi" {rPois AC+3 Int+3} for 500 gold pieces
 12756 | D:11     | Noticed a catoblepas
 13033 | D:11     | Noticed a deep elf mage
 13041 | D:11     | Killed a deep elf mage
 13092 | D:11     | Noticed a two-headed ogre
 13103 | D:11     | Killed a two-headed ogre
 13190 | D:11     | Reached skill level 1 in Evocations
 13432 | D:11     | Reached XP level 12. HP: 92/92 MP: 12/12
 13897 | D:11     | Found a staircase to the Lair.
 14011 | D:11     | Found a radiant altar of Vehumet.
 14420 | D:12     | Noticed Psyche
 14424 | D:12     | Killed Psyche
 15538 | Orc:1    | Entered Level 1 of the Orcish Mines
 16022 | Orc:1    | Reached skill level 5 in Dodging
 16634 | Orc:2    | Entered Level 2 of the Orcish Mines
 17046 | Orc:2    | Found a staircase to the Elven Halls.
 17339 | Orc:2    | Noticed an orc warlord
 17509 | Orc:1    | Noticed a two-headed ogre
 17518 | Orc:1    | HP: 1/97 [two-headed ogre/giant spiked club (20)]
 17519 | Orc:1    | Slain by a two-headed ogre

Vault maps used:
D:1:      evilmike_arrival_hilbert_curve
D:3:      nicolae_overflow_hidden_temple, zin_statuary
D:4:      ashenzari_altar_1, uniq_menkaure
D:5:      minmay_temple_entry_trees, serial_shops, nicolae_shop_behind_doors,
          first_bread, fedhas_altar_2
D:6:      lemuel_round_altar, lemuel_doored_altar, uniq_grinder, uniq_sigmund,
          uniq_edmund, uniq_blork_the_orc
D:7:      uniq_duvessa
D:8:      hangedman_ranch, uniq_maurice, uniq_grum, uniq_pikel
D:9:      kennysheep_orc_monster_closet_entryway, minivault_11
D:10:     enter_bailey_2, serial_shops, nicolae_shop_statue_plus, minivault_10,
          uniq_erolcha
D:11:     erik_lair_island, basic_altar
D:12:     basic_altar, uniq_psyche
Temple:   eino_wide_crystal_templ
Orc:1:    minmay_goldmine
Orc:2:    st_orc_pillars
Bailey:   bailey_axe_1, bailey

Skill      XL: |  1  2  3  4  5  6  7  8  9 10 11 12 |
---------------+-------------------------------------+-----
Maces & Flails | 3 4 6 7 9 10 | 10.0
Armour         | 1 2 3 4 5 6 7 9 |  9.0
Fighting       | 3 4 5 6 7 9 |  9.8
Dodging        | 3 4 5 |  5.1
Stealth        | 1 |  1.0
Polearms       | 4 8 |  8.6
Evocations     | 1 |  1.0
Throwing       | |  1.8

Action                   |  1- 3 |  4- 6 |  7- 9 | 10-12 || total
-------------------------+-------+-------+-------+-------++-------
Melee: Flail             |   155 |   164 |   496 |    57 ||   872
       Halberd           |       |       |       |   709 ||   709
Throw: Throwing net      |       |     1 |     2 |       ||     3
Invok: Potion Petition   |       |       |     1 |     1 ||     2
       Call Merchant     |       |       |       |     1 ||     1
Evoke: Wand              |       |       |     2 |     7 ||     9
  Use: Scroll            |       |     2 |     6 |    12 ||    20
 Stab: Distracted        |       |       |       |     7 ||     7
Armor: Leather armour    |    10 |       |       |       ||    10
       Ring mail         |    58 |       |       |       ||    58
       Chain mail        |    11 |   121 |   292 |   256 ||   680
       Scale mail        |       |       |       |   151 ||   151
Dodge: Dodged            |    85 |    72 |   185 |   467 ||   809
